 Dungeon Crawl Stone Soup version 0.20.1-1-g8b1a95d (webtiles) character file.

95 zLurn the Skirmisher (level 4, -1/49 HPs)
             Began as an Ogre Berserker on Dec 14, 2017.
             Was a Follower of Dithmenos.
             Slain by a leopard gecko (3 damage)
             ... on level 3 of the Dungeon.
             The game lasted 00:17:03 (3190 turns).

zLurn the Skirmisher (Ogre Berserker)               Turns: 3190, Time: 00:17:04

Health: -1/49      AC:  4    Str: 22    XL:     4   Next: 65%
Magic:  4/4        EV: 10    Int:  8    God:    Dithmenos [*.....]
Gold:   155        SH:  0    Dex:  8    Spells: 3/3 levels left

rFire    x . .     SeeInvis .   a - +1 mace
rCold    + . .     Gourm    .   (no shield)
rNeg     . . .     Faith    .   b - +1 animal skin
rPois    .         Spirit   .   (helmet restricted)
rElec    .         Reflect  .   (no cloak)
rCorr    .         Harm     .   (gloves unavailable)
MR       .....                  (boots unavailable)
Stlth    +.........             (no amulet)
Regen    0.2/turn               i - ring of ice
MPRegen  0.1/turn               (no ring)

@: wreathed by umbra
A: unfitting armour, tough skin 1
a: Renounce Religion


You were on level 3 of the Dungeon.
You worshipped Dithmenos.
Dithmenos was aware of your devotion.
You were not hungry.

You visited 1 branch of the dungeon, and saw 3 of its levels.

You collected 155 gold pieces.

Inventory:

Hand Weapons
 a - a +1 mace (weapon)
 k - a +5 hunting sling
Missiles
 g - 36 bolts
 h - 51 stones (quivered)
Armour
 b - a +1 animal skin (worn)
Jewellery
 i - a ring of ice (left hand)
Scrolls
 c - a scroll of identify
 f - 3 scrolls of remove curse
Comestibles
 j - a bread ration


   Skills:
 + Level 4.6 Fighting
 + Level 4.0 Maces & Flails
 + Level 3.1 Dodging
 + Level 0.5 Stealth


You had 3 spell levels left.
You didn't know any spells.

Dungeon Overview and Level Annotations

Branches:
Dungeon (3/15)

Altars:
Dithmenos
Gozag
Nemelex Xobeh
Zin

Annotations:
D:3 Sigmund


Innate Abilities, Weirdness & Mutations

You are too large for most types of armour.
You have tough skin. (AC +1)


Message History

You barely miss Sigmund.
Sigmund is lightly wounded.
Sigmund hits you with a scythe!
You completely miss Sigmund.
Sigmund is lightly wounded.
The leopard gecko bites you. Sigmund hits you with a scythe!
* * * LOW HITPOINT WARNING * * *
You feel better. The leopard gecko barely misses you.
You feel better. The leopard gecko bites you. Sigmund misses you.
The leopard gecko closely misses you. Sigmund barely misses you.
The leopard gecko bites you but does no damage.
You hit the leopard gecko but do no damage.
The leopard gecko bites you.
* * * LOW HITPOINT WARNING * * *
You closely miss the leopard gecko.
Sigmund hits you from afar with a scythe!
* * * LOW HITPOINT WARNING * * *
The leopard gecko closely misses you. The leopard gecko bites you.
You die...

...##...###...#
#..##....#....#
#...##....รท..##
#..###.<.8.<.#
...###.......##
##..#....#....#
#####...###...##
####....#
#....###
#..+.8.##
##.8.'@#
...#...# #..@#l#
#..##'###
##'##...
#...#...# #..
...... #.......#
#. #.......
#.......# #.
######.#
........# # #
#########


You could see Sigmund and a leopard gecko.

Vanquished Creatures
  4 adders
  An ooze (D:2)
  3 dart slugs (D:1)
  3 ball pythons
  3 giant cockroaches
  6 goblins
  4 hobgoblins
  9 jackals (D:1)
  5 kobolds
  3 bats
  A frilled lizard (D:2)
  3 rats
45 creatures vanquished.

Notes
Turn   | Place    | Note
-------+----------+-------------------------------------------
     0 | D:1      | zLurn the Ogre Berserker began the quest for the Orb.
     0 | D:1      | Reached XP level 1. HP: 24/24 MP: 1/1
   168 | D:1      | Reached XP level 2. HP: 19/32 MP: 2/2
   694 | D:1      | Reached XP level 3. HP: 23/40 MP: 3/3
  2178 | D:2      | Found a faded altar of an unknown god.
  2187 | D:2      | Fell from the grace of Trog
  2187 | D:2      | Became a worshipper of Dithmenos the Shadowed
  2187 | D:2      | Reached * piety under Dithmenos
  2204 | D:2      | Found a glowing silver altar of Zin.
  2211 | D:2      | Found a sparkling altar of Nemelex Xobeh.
  2211 | D:2      | Found an opulent altar of Gozag.
  2302 | D:2      | Reached XP level 4. HP: 47/49 MP: 4/4
  3181 | D:3      | Noticed Sigmund
  3190 | D:3      | HP: 2/49 [Sigmund/scythe (12)]
  3190 | D:3      | Slain by a leopard gecko

Skill      XL: |  1  2  3  4 |
---------------+-------------+-----
Maces & Flails | 3 4 |  4.0
Dodging        | 3 |  3.1
Fighting       | |  4.6
Stealth        | |  0.5

Action                   |  1- 3 |  4- 6 || total
-------------------------+-------+-------++-------
Melee: Mace              |    97 |    42 ||   139
  Use: Scroll            |     7 |     1 ||     8
       Potion            |     3 |     2 ||     5
 Stab: Sleeping          |     1 |     2 ||     3
  Eat: Royal jelly       |     1 |     1 ||     2
       Bread ration      |     1 |       ||     1
Armor: Animal skin       |    38 |    17 ||    55
Dodge: Dodged            |    81 |    30 ||   111
